 Dungeon Crawl Stone Soup version 0.17-a0-2064-g265a032 (webtiles) character file.

36 Baullino the Skirmisher (level 3, -2/29 HPs)
             Began as a Demonspawn Abyssal Knight on Oct 13, 2015.
             Was a Follower of Lugonu.
             Slain by a worm (5 damage)
             ... on level 2 of the Dungeon.
             The game lasted 00:07:10 (981 turns).

Baullino the Skirmisher (Demonspawn Abyssal Knight)  Turns: 981, Time: 00:07:10

Health: -2/29      AC:  6    Str: 12    XL:     3   Next: 19%
Magic:  5/5        EV: 10    Int: 13    God:    Lugonu [*.....]
Gold:   92         SH:  0    Dex: 17    Spells: 0 memorised, 2 levels left

rFire  . . .     SeeInvis .     a - +1 falchion
rCold  . . .     Clarity  .     e - +0 ring mail
rNeg   . . .     SustAt   .     (no shield)
rPois  .         Gourm    .     h - +0 helmet
rElec  .         Spirit   .     (no cloak)
rCorr  .         Warding  .     (no gloves)
rMut   .         Stasis   .     (no boots)
MR     .....                    (no amulet)
Stlth  ++........               (no ring)
                                (no ring)

@: not resistant to hostile enchantments, unstealthy
A: thin skeletal structure 2
a: Depart the Abyss, Renounce Religion


You were on level 2 of the Dungeon.
You worshipped Lugonu.
Lugonu was aware of your devotion.
You were full.

You visited 1 branch of the dungeon, and saw 2 of its levels.
You visited the Abyss 1 time.

You collected 92 gold pieces.

Inventory:

Hand Weapons
 a - a +1 falchion (weapon)
 f - a +0 spear
Armour
 b - a +0 leather armour
 e - a +0 ring mail (worn)
 g - a +0 robe
 h - a +0 helmet (worn)
 i - a +0 scale mail
Scrolls
 j - a scroll of teleportation {unknown}
Potions
 d - a potion of magic {unknown}
Comestibles
 c - a bread ration


   Skills:
 + Level 3.4 Fighting
 + Level 2.2 Long Blades
 + Level 2.1 Armour
 + Level 1.1 Dodging
 + Level 2.9 Invocations


You had 2 spell levels left.
You didn't know any spells.

Dungeon Overview and Level Annotations

Branches:
Dungeon (2/15)

Altars:
Okawaru
Ru


Innate Abilities, Weirdness & Mutations

You have a moderately thin skeletal structure (Dex +4, Stealth+).


Message History

The worm barely misses you.
You barely miss the worm.
The worm is severely wounded.
You hit the worm.
The worm is almost dead.
The worm bites you.
* * * LOW HITPOINT WARNING * * *
You hit the worm.
The worm is almost dead.
The worm bites you.
* * * LOW HITPOINT WARNING * * *
Your ring mail prevents you from hitting the worm.
The worm is almost dead.
The worm barely misses you.
You hit the worm but do no damage.
The worm is almost dead.
You barely miss the worm.
The worm is almost dead.
The worm bites you.
You die...

##.......#.....# .#.>.
.........#....## ....
##.......'...8# #...
#.##....#....# ... #.
#....#†....# #.. #.
###..##.⌠._# #..
#.####...#....#
###..#####........##..##
#.....w@...........####
#.......###.....####
#.###.....#....## #
#.....#....# #
#.........## .#
#.....###..# .. #.....#
##.# .#
#.....####.###..###
#........†<........


You could see a worm.

Vanquished Creatures
  2 adders (D:2)
  An ooze (D:1)
  A ball python (D:1)
  2 bats
  A hobgoblin (D:1)
  2 kobolds (D:1)
  A giant newt (D:1)
  3 goblins (D:1)
  2 rats (D:1)
15 creatures vanquished.

Notes
Turn   | Place    | Note
--------------------------------------------------------------
     0 | Abyss:1  | Baullino the Demonspawn Abyssal Knight began the quest for the Orb.
     0 | Abyss:1  | Reached XP level 1. HP: 18/18 MP: 2/2
    23 | Abyss:1  | Noticed a spatial maelstrom
    25 | Abyss:1  | Noticed a spatial vortex
    26 | Abyss:1  | Noticed a spatial vortex
    26 | D:1      | Escaped the Abyss
   128 | D:1      | Reached * piety under Lugonu
   128 | D:1      | Reached skill level 1 in Dodging
   607 | D:1      | Gained mutation: You have a somewhat thin skeletal structure (Dex +2, Stealth). [demonic ancestry]
   607 | D:1      | Reached XP level 2. HP: 24/24 MP: 4/4
   834 | D:2      | Found an iron altar of Okawaru.
   834 | D:2      | Found a sacrificial altar of Ru.
   936 | D:2      | Gained mutation: You have a moderately thin skeletal structure (Dex +4, Stealth+). [demonic ancestry]
   936 | D:2      | Reached XP level 3. HP: 12/29 MP: 5/5
   981 | D:2      | Slain by a worm

Vault maps used:
D:1:      lightli_arrival_farm, kennysheep_crisscross, hangedman_feature_mirror,
          serial_bayou_crossing
D:2:      wad_pebble_path, gammafunk_temple_overflow_pools,
          lemuel_crystal_altar, kennysheep_nondescript

Action                   || total
-------------------------++-------
Melee: Falchion          ||    65
Invok: Depart the Abyss  ||     1
  Eat: Bread ration      ||     1
